IL
SACRAMENTO RIVER CATS @ LOUISVILLE BATS
09/05/2048
 
TOP OF THE 1ST
Sacramento River Cats batting - Pitching for Louisville Bats : RHP Justin Ezzell
Pitching: RHP Justin Ezzell
Batting: LHB Mason Duffy 0-0: Called Strike
0-1: Ball
1-1: Ball
2-1: Swinging Strike
2-2: Fly out, F8 (Flyball, 8RD, EV 93.1 MPH)
Batting: RHB Brian Rogers 0-0: Ball
1-0: Ball
2-0: Ball
3-0: Base on Balls
Batting: LHB Ryan Braden 0-0: Ball
1-0: Ball
2-0: Foul Ball, location: 2F
2-1: Foul Ball, location: 2F
2-2: Ball
3-2: Foul Ball, location: 2F
3-2: Base on Balls
Brian Rogers to second
Batting: LHB Willie Ceniceros 0-0: Fly out, F5 (Popup, 56S, EV 70.0 MPH)
Batting: LHB Kevin Kantor 0-0: Ball
1-0: Ball
2-0: Ball
3-0: Called Strike
3-1: Fielders Choice at 2nd, U6 (Groundball, 4MD, EV 105.6 MPH)
Top of the 1st over - 0 runs, 0 hits, 0 errors, 2 left on base; Sacramento 0 - Louisville 0
BOTTOM OF THE 1ST
Louisville Bats batting - Pitching for Sacramento River Cats : RHP Tong Huang
Pitching: RHP Tong Huang
Batting: RHB Won-jun Park 0-0: Ball
1-0: Ground out 4-3 (Groundball, 4, EV 86.2 MPH)
Batting: RHB Juan Reyes 0-0: Called Strike
0-1: Called Strike
0-2: Ball
1-2: Hit by Pitch
Batting: SHB Freddie Farrar 0-0: Called Strike
Juan Reyes is caught stealing 2nd base 2-6
0-1: Ball
1-1: Swinging Strike
1-2: Foul Ball, location: 2F
1-2: Foul Ball, location: 2F
1-2: Ball
2-2: SINGLE (Line Drive, 89S, EV 90.6 MPH)
Batting: RHB Pedro Pinero 0-0: Ball
Freddie Farrar steals 2nd, throwing error, E2
Freddie Farrar to third
1-0: Ball
2-0: Ball
3-0: Called Strike
3-1: Ground out 5-3 (Groundball, 15, EV 84.4 MPH)
Bottom of the 1st over - 0 runs, 1 hit, 1 error, 1 left on base; Sacramento 0 - Louisville 0
TOP OF THE 2ND
Sacramento River Cats batting - Pitching for Louisville Bats : RHP Justin Ezzell
Batting: RHB Hugo Zacarias 0-0: Called Strike
0-1: Foul Ball, location: 2F
0-2: TRIPLE (Line Drive, 8LXD, EV 107.5 MPH)
Batting: RHB Nick Wicker 0-0: Ball
1-0: Ground out 6-3 (Groundball, 6, EV 79.4 MPH)
Hugo Zacarias scores
Batting: RHB Matt Shepard 0-0: Ball
1-0: Ball
2-0: Swinging Strike
2-1: Ball
3-1: Ground out 4-3 (Groundball, 4, EV 81.9 MPH)
Batting: RHB Bob Schweiger 0-0: Called Strike
0-1: Called Strike
0-2: Ball
1-2: Strikes out swinging
Top of the 2nd over - 1 run, 1 hit, 0 errors, 0 left on base; Sacramento 1 - Louisville 0
BOTTOM OF THE 2ND
Louisville Bats batting - Pitching for Sacramento River Cats : RHP Tong Huang
Batting: LHB Satoru Handa 0-0: Ball
1-0: SINGLE (Line Drive, 34, EV 110.0 MPH)
Batting: RHB Danny Real 0-0: Ball
Satoru Handa steals 2nd base (no throw)
1-0: Swinging Strike
1-1: Ground out 6-3 (Groundball, 6, EV 86.9 MPH)
Satoru Handa to third
Batting: RHB Colin Lord 0-0: Called Strike
0-1: Ball
1-1: Fly out, F8 (Flyball, 8RM, EV 86.9 MPH)
Runner from 3rd tags up, SCORES, no throw by CF
Batting: RHB Ryan Short 0-0: Reached on error, E6 (Groundball, 6, EV 98.1 MPH)
Batting: RHB Jay Jacobson 0-0: Ball
1-0: Ball
2-0: Foul Ball, location: 2F
2-1: Ball
3-1: Base on Balls
Batting: RHB Won-jun Park 0-0: Ball
1-0: Foul Ball, location: 2F
1-1: Foul Ball, location: 2F
1-2: Foul Ball, location: 2F
1-2: Ball
2-2: Strikes out looking
Bottom of the 2nd over - 1 run, 1 hit, 1 error, 2 left on base; Sacramento 1 - Louisville 1
TOP OF THE 3RD
Sacramento River Cats batting - Pitching for Louisville Bats : RHP Justin Ezzell
Batting: LHB Mason Duffy 0-0: Called Strike
0-1: Foul Ball, location: 2F
0-2: Foul Ball, location: 2F
0-2: Reached on error, E4 (Groundball, 4MS, EV 82.5 MPH)
Batting: RHB Brian Rogers 0-0: Called Strike
0-1: Called Strike
0-2: Ball
1-2: Ball
2-2: Ball
3-2: Base on Balls
Mason Duffy to second
Batting: LHB Ryan Braden 0-0: Grounds into double play, 4-6-3 (Groundball, 4, EV 108.1 MPH)
Mason Duffy to third
Batting: LHB Willie Ceniceros 0-0: SINGLE (Line Drive, 56D, EV 94.4 MPH)
Mason Duffy scores
Batting: LHB Kevin Kantor 0-0: Called Strike
0-1: Ball
1-1: Ball
2-1: Ball
3-1: Base on Balls
Willie Ceniceros to second
Batting: RHB Hugo Zacarias 0-0: Ball
1-0: Called Strike
1-1: Ball
2-1: Ball
3-1: Base on Balls
Willie Ceniceros to third
Kevin Kantor to second
Batting: RHB Nick Wicker 0-0: SINGLE (Line Drive, 7S, EV 93.1 MPH)
Willie Ceniceros scores
Kevin Kantor to third
Hugo Zacarias to second
Runner from 3rd tries for Home, SAFE, throw by LF to home
Batting: RHB Matt Shepard 0-0: Ball
1-0: Ball
2-0: Called Strike
2-1: Foul Ball, location: 2F
2-2: Ball
3-2: Foul Ball, location: 2F
3-2: Base on Balls
Hugo Zacarias to third
Nick Wicker to second
Batting: RHB Bob Schweiger 0-0: Ball
1-0: Ball
2-0: Foul Ball, location: 2F
2-1: Ball
3-1: Fly out, F8 (Flyball, 8LXD, EV 100.6 MPH)
Top of the 3rd over - 3 runs, 2 hits, 1 error, 3 left on base; Sacramento 4 - Louisville 1
BOTTOM OF THE 3RD
Louisville Bats batting - Pitching for Sacramento River Cats : RHP Tong Huang
Batting: RHB Juan Reyes 0-0: Foul Ball, location: 2F
0-1: Ball
1-1: Ball
2-1: Foul Ball, location: 2F
2-2: Ball
3-2: Base on Balls
Batting: SHB Freddie Farrar 0-0: Ball
1-0: Foul Ball, location: 2F
1-1: Foul Ball, location: 2F
1-2: Ball
2-2: Strikes out swinging
Batting: RHB Pedro Pinero 0-0: Grounds into double play, 3-6-3 (Groundball, 3S, EV 83.1 MPH)
Bottom of the 3rd over - 0 runs, 0 hits, 0 errors, 0 left on base; Sacramento 4 - Louisville 1
TOP OF THE 4TH
Sacramento River Cats batting - Pitching for Louisville Bats : RHP Justin Ezzell
Batting: LHB Mason Duffy 0-0: Ball
1-0: Ball
2-0: Called Strike
2-1: Ball
3-1: Base on Balls
Batting: RHB Brian Rogers 0-0: Ball
Mason Duffy steals 2nd base
1-0: Called Strike
1-1: Ball
Wild Pitch!
Mason Duffy to third
2-1: Ball
3-1: DOUBLE (Line Drive, 9LM, EV 104.4 MPH)
Mason Duffy scores
Pitching: RHP Jeremy Whooley
Batting: LHB Ryan Braden 0-0: SINGLE (Flyball, 8RS, EV 91.2 MPH)
Brian Rogers to third
Batting: LHB Willie Ceniceros 0-0: Ball
1-0: Ball
2-0: Called Strike
2-1: 3-RUN HOME RUN (Flyball, 9LD, EV 98.8 MPH), Distance : 375 ft
Batting: LHB Kevin Kantor 0-0: Ball
1-0: Ball
2-0: Ground out 6-3 (Groundball, 6, EV 110.6 MPH)
Batting: RHB Hugo Zacarias 0-0: Called Strike
0-1: Ball
1-1: Swinging Strike
1-2: Strikes out swinging
Batting: RHB Nick Wicker 0-0: Foul Ball, location: 2F
0-1: Foul Ball, location: 2F
0-2: Ground out 6-3 (Groundball, 56, EV 109.4 MPH)
Top of the 4th over - 4 runs, 3 hits, 0 errors, 0 left on base; Sacramento 8 - Louisville 1
BOTTOM OF THE 4TH
Louisville Bats batting - Pitching for Sacramento River Cats : RHP Tong Huang
Batting: LHB Satoru Handa 0-0: Ball
1-0: Foul Ball, location: 2F
1-1: Called Strike
1-2: Fly out, F6 (Popup, 6, EV 61.2 MPH)
Batting: RHB Danny Real 0-0: Ball
1-0: Ground out 5-3 (Groundball, 5, EV 96.9 MPH)
Batting: RHB Colin Lord 0-0: Ball
1-0: Ball
2-0: Ball
3-0: Base on Balls
Batting: RHB Ryan Short 0-0: Called Strike
Colin Lord steals 2nd base
0-1: Ball
1-1: Ball
2-1: Ball
3-1: SINGLE (Line Drive, 4D, EV 102.5 MPH)
Colin Lord to third
Runner from 3rd tries for Home, throw by CF and OUT! 8-2
Bottom of the 4th over - 0 runs, 1 hit, 0 errors, 1 left on base; Sacramento 8 - Louisville 1
TOP OF THE 5TH
Sacramento River Cats batting - Pitching for Louisville Bats : RHP Jeremy Whooley
Batting: RHB Matt Shepard 0-0: Called Strike
0-1: Ball
1-1: Ground out 6-3 (Groundball, 6, EV 86.2 MPH)
Batting: RHB Bob Schweiger 0-0: Called Strike
0-1: Fly out, F9 (Flyball, 9, EV 70.6 MPH)
Batting: LHB Mason Duffy 0-0: Ball
1-0: Foul Ball, location: 2F
1-1: Ball
2-1: Ground out 4-3 (Groundball, 4S, EV 78.8 MPH)
Top of the 5th over - 0 runs, 0 hits, 0 errors, 0 left on base; Sacramento 8 - Louisville 1
BOTTOM OF THE 5TH
Louisville Bats batting - Pitching for Sacramento River Cats : RHP Tong Huang
Batting: RHB Jay Jacobson 0-0: Called Strike
0-1: Ground out 4-3 (Groundball, 4, EV 80.0 MPH)
Batting: RHB Won-jun Park 0-0: Called Strike
0-1: Ball
1-1: Fly out, F9 (Flyball, 9D, EV 108.1 MPH)
Batting: RHB Juan Reyes 0-0: Called Strike
0-1: Ball
1-1: Ball
2-1: Called Strike
2-2: Strikes out swinging
Bottom of the 5th over - 0 runs, 0 hits, 0 errors, 0 left on base; Sacramento 8 - Louisville 1
TOP OF THE 6TH
Sacramento River Cats batting - Pitching for Louisville Bats : RHP Jeremy Whooley
Batting: RHB Brian Rogers 0-0: Called Strike
0-1: Ball
1-1: Fly out, F8 (Flyball, 8LM, EV 92.5 MPH)
Batting: LHB Ryan Braden 0-0: Called Strike
0-1: Called Strike
0-2: Ball
1-2: SOLO HOME RUN (Flyball, 78XD, EV 100.6 MPH), Distance : 392 ft
Batting: LHB Willie Ceniceros 0-0: Ball
1-0: Ball
2-0: Ball
3-0: Foul Ball, location: 2F
3-1: Foul Ball, location: 2F
3-2: Strikes out swinging
Batting: LHB Kevin Kantor 0-0: Ball
1-0: Called Strike
1-1: Ball
2-1: Swinging Strike
2-2: Strikes out swinging
Top of the 6th over - 1 run, 1 hit, 0 errors, 0 left on base; Sacramento 9 - Louisville 1
BOTTOM OF THE 6TH
Louisville Bats batting - Pitching for Sacramento River Cats : RHP Tong Huang
Batting: SHB Freddie Farrar 0-0: Swinging Strike
0-1: Ball
1-1: Foul Ball, location: 2F
1-2: SINGLE (Groundball, 34D, EV 96.9 MPH)
Batting: RHB Pedro Pinero 0-0: DOUBLE (Line Drive, 7LS, EV 103.1 MPH)
Freddie Farrar to third
Batting: LHB Satoru Handa 0-0: Called Strike
0-1: Called Strike
0-2: Foul Ball, location: 2F
0-2: Foul Ball, location: 2F
0-2: Ball
1-2: Foul Ball, location: 2F
1-2: Strikes out swinging
Batting: RHB Danny Real 0-0: Ball
1-0: Called Strike
1-1: Ball
2-1: Ball
3-1: Foul Ball, location: 2F
3-2: Foul Ball, location: 2F
3-2: Fly out, F8 (Flyball, 89M, EV 81.9 MPH)
Runner from 3rd tags up, SCORES, throw by CF
Batting: RHB Colin Lord 0-0: Called Strike
0-1: Swinging Strike
0-2: Ball
1-2: Strikes out looking
Bottom of the 6th over - 1 run, 2 hits, 0 errors, 1 left on base; Sacramento 9 - Louisville 2
TOP OF THE 7TH
Sacramento River Cats batting - Pitching for Louisville Bats : RHP Jeremy Whooley
Pinch Hitting: LHB Jared Paige 0-0: Called Strike
0-1: Foul Ball, location: 2F
0-2: Ball
1-2: Strikes out swinging
Batting: RHB Nick Wicker 0-0: Swinging Strike
0-1: Ball
1-1: Foul Ball, location: 2F
1-2: Foul Ball, location: 2F
1-2: Ball
2-2: SINGLE (Groundball, 4MD, EV 100.6 MPH)
Pitching: RHP Joaquin Villalobos
Batting: RHB Matt Shepard 0-0: Ball
1-0: Called Strike
1-1: Ball
Nick Wicker steals 2nd base
2-1: DOUBLE (Line Drive, 89D, EV 111.9 MPH)
Nick Wicker scores
Batting: RHB Bob Schweiger 0-0: Swinging Strike
0-1: Ball
1-1: Foul Ball, location: 2F
1-2: Foul Ball, location: 2F
1-2: Foul Ball, location: 2F
1-2: Foul Ball, location: 2F
1-2: Ball
2-2: Ball
3-2: 2-RUN HOME RUN (Flyball, 7D, EV 98.8 MPH), Distance : 399 ft
Batting: LHB Mason Duffy 0-0: Ball
1-0: Ground out 1-3 (Groundball, 34S, EV 70.6 MPH)
Batting: RHB Dave Crouch 0-0: Fly out, F8 (Flyball, 8LS, EV 83.8 MPH)
Top of the 7th over - 3 runs, 3 hits, 0 errors, 0 left on base; Sacramento 12 - Louisville 2
BOTTOM OF THE 7TH
Louisville Bats batting - Pitching for Sacramento River Cats : RHP Tong Huang
Now in LF: Jared Paige
Now in CF: Ryan Braden
Batting: RHB Ryan Short 0-0: Ball
1-0: Ball
2-0: Ball
3-0: Called Strike
3-1: Base on Balls
Pitching: LHP Adam Ody
Batting: RHB Jay Jacobson 0-0: Ball
1-0: Called Strike
1-1: Swinging Strike
1-2: Ball
2-2: Ball
3-2: Strikes out swinging
Batting: RHB Won-jun Park 0-0: Ball
1-0: Called Strike
Ryan Short steals 2nd base (no throw)
1-1: Ball
2-1: Foul Ball, location: 2F
2-2: Strikes out swinging
Batting: RHB Juan Reyes 0-0: Swinging Strike
0-1: Ball
1-1: Swinging Strike
1-2: Fly out, F9 (Flyball, 9, EV 93.8 MPH)
Bottom of the 7th over - 0 runs, 0 hits, 0 errors, 1 left on base; Sacramento 12 - Louisville 2
TOP OF THE 8TH
Sacramento River Cats batting - Pitching for Louisville Bats : RHP Joaquin Villalobos
Batting: LHB Ryan Braden 0-0: Foul Ball, location: 2F
0-1: Foul Ball, location: 2F
0-2: Ball
1-2: Ball
2-2: Foul Ball, location: 2F
2-2: Ball
3-2: Foul Ball, location: 2F
3-2: Foul Ball, location: 2F
3-2: Foul Ball, location: 2F
3-2: Foul Ball, location: 2F
3-2: Foul Ball, location: 2F
3-2: Strikes out swinging
Batting: LHB Willie Ceniceros 0-0: Ball
1-0: Called Strike
1-1: Ball
2-1: Ground out 6-3 (Groundball, 6, EV 91.2 MPH)
Batting: LHB Kevin Kantor 0-0: Called Strike
0-1: Ball
1-1: Ball
2-1: SOLO HOME RUN (Flyball, 9LD, EV 100.0 MPH), Distance : 365 ft
Batting: LHB Jared Paige 0-0: Called Strike
0-1: Ball
1-1: Called Strike
1-2: SINGLE (Line Drive, 6MD, EV 96.2 MPH)
Batting: RHB Nick Wicker 0-0: Ball
1-0: Ball
2-0: Ball
3-0: Called Strike
3-1: Foul Ball, location: 2F
3-2: Foul Ball, location: 2F
3-2: Foul Ball, location: 2F
3-2: Ground out 5-3 (Groundball, 56, EV 84.4 MPH)
Top of the 8th over - 1 run, 2 hits, 0 errors, 1 left on base; Sacramento 13 - Louisville 2
BOTTOM OF THE 8TH
Louisville Bats batting - Pitching for Sacramento River Cats : LHP Adam Ody
Batting: SHB Freddie Farrar 0-0: Ball
1-0: Ball
2-0: Ball
3-0: Called Strike
3-1: Ground out 5-3 (Groundball, 56S, EV 74.4 MPH)
Batting: RHB Pedro Pinero 0-0: Ball
1-0: Ball
2-0: Fly out, F8 (Flyball, 8RXD, EV 92.5 MPH)
Batting: LHB Satoru Handa 0-0: Called Strike
0-1: Fly out, F7 (Flyball, 78D, EV 95.6 MPH)
Bottom of the 8th over - 0 runs, 0 hits, 0 errors, 0 left on base; Sacramento 13 - Louisville 2
TOP OF THE 9TH
Sacramento River Cats batting - Pitching for Louisville Bats : RHP Joaquin Villalobos
Batting: RHB Matt Shepard 0-0: Swinging Strike
0-1: SINGLE (Groundball, 34D, EV 96.9 MPH)
Pitching: RHP Omar Vinson
Batting: RHB Bob Schweiger 0-0: Ball
1-0: Called Strike
1-1: Foul Ball, location: 2F
1-2: Ball
2-2: Ball
3-2: Base on Balls
Matt Shepard to second
Batting: LHB Mason Duffy 0-0: Ball
1-0: Foul Ball, location: 2F
1-1: Foul Ball, location: 2F
1-2: Ball
2-2: Foul Ball, location: 2F
2-2: Strikes out swinging
Batting: RHB Dave Crouch 0-0: Fly out, F8 (Flyball, 8RD, EV 91.9 MPH)
Runner from 2nd tags up, SAFE at 3rd with throw by CF
Batting: LHB Ryan Braden 0-0: Ball
1-0: Called Strike
1-1: Foul Ball, location: 2F
1-2: Foul Ball, location: 2F
1-2: Fly out, F7 (Flyball, 7S, EV 90.0 MPH)
Top of the 9th over - 0 runs, 1 hit, 0 errors, 2 left on base; Sacramento 13 - Louisville 2
BOTTOM OF THE 9TH
Louisville Bats batting - Pitching for Sacramento River Cats : LHP Adam Ody
Batting: RHB Danny Real 0-0: Ball
1-0: Ball
2-0: Ball
3-0: Called Strike
3-1: Base on Balls
Batting: RHB Colin Lord 0-0: Ball
1-0: DOUBLE (Groundball, 3L, EV 97.5 MPH)
Danny Real to third
Batting: RHB Ryan Short 0-0: Called Strike
0-1: Ball
1-1: Called Strike
1-2: Ground out 6-3 (Groundball, 6, EV 83.1 MPH)
Danny Real scores
Colin Lord to third
Batting: RHB Jay Jacobson 0-0: Ball
1-0: Ball
2-0: Ball
3-0: Called Strike
3-1: Called Strike
3-2: Strikes out swinging
Batting: RHB Won-jun Park 0-0: Ball
1-0: Ball
2-0: Fly out, F8 (Flyball, 8RM, EV 89.4 MPH)
Bottom of the 9th over - 1 run, 1 hit, 0 errors, 1 left on base; Sacramento 13 - Louisville 3
Tuesday, March 28th , 2023 - OOTP Baseball 23.10 Build 110